 Dungeon Crawl Stone Soup version 0.22-a0-445-g8c8ef71 (webtiles) character file.

205269 Gorglomux the Peltast (level 18, -14/120 HPs)
             Began as a Gargoyle Fighter on June 2, 2018.
             Was the Champion of Makhleb.
             Killed by Shatter
             ... invoked by Jorgrun
              (85 damage)
             ... on level 1 of the Vaults on June 3, 2018.
             The game lasted 00:22:32 (21066 turns).

Gorglomux the Peltast (Gargoyle Fighter)           Turns: 21066, Time: 00:22:32

Health: -14/120    AC: 35    Str: 29    XL:     18   Next: 16%
Magic:  28/28      EV:  8    Int: 15    God:    Makhleb [******]
Gold:   1150       SH: 31    Dex: 13    Spells: 17/17 levels left

rFire    + + +     SeeInvis .   J - +5 war axe of Cheese {venom, +Fly Int+5}
rCold    + + .     Gourm    .   o - +8 large shield "Leketh" {-Tele rN+++ Str+5 Stlth-}
rNeg     + + +     Faith    .   u - +6 chain mail of the Ward {-Cast rElec rC+ Dex+4}
rPois    ∞         Spirit   .   G - +0 hat of Luofras {+Inv rF++ rC+ Str-3}
rElec    +         Reflect  .   (no cloak)
rCorr    .         Harm     .   (no gloves)
MR       +....     NoTele   +   k - +0 pair of boots {Fly} Stlth ..........NoCast +
                                i - amulet of rage
HPRegen  0.30/turn              y - +3 ring of slaying
MPRegen  0.21/turn              b - ring of Xaucogh {+Fly rF+ rN+}

@: marked, flying, studying Shields
A: big wings, negative energy resistance 1, electricity resistance, unbreathing,
petrification resistance, rot immunity, AC +13
}: 2/15 runes: barnacled, gossamer
a: Stop Flying, Minor Destruction, Lesser Servant of Makhleb, Major Destruction,
Greater Servant of Makhleb, Renounce Religion, Evoke Berserk Rage, Evoke
Invisibility


You were on level 1 of the Vaults.
You worshipped Makhleb.
Makhleb was exalted by your worship.
You were not hungry.

You visited 6 branches of the dungeon, and saw 27 of its levels.
You visited the Abyss 1 time.

You collected 1301 gold pieces.
You spent 151 gold pieces at shops.

Inventory:

Hand Weapons
 J - the +5 war axe of Cheese (weapon) {venom, +Fly Int+5}
   (You acquired it on level 10 of the Dungeon)

   It poisons the flesh of those it strikes.
   It affects your intelligence (+5).
   It lets you fly.
 S - a +1 broad axe
Missiles
 Z - 6 throwing nets (quivered)
Armour
 c - a +2 shield
 k - a +0 pair of boots of flying (worn)
 o - the +8 large shield "Leketh" (worn) {-Tele rN+++ Str+5 Stlth-}
   (You found it on level 1 of the Spider Nest)

   It affects your strength (+5).
   It renders you almost immune to negative energy.
   It prevents most forms of teleportation.
   It makes you less stealthy.
 u - the +6 chain mail of the Ward (worn) {-Cast rElec rC+ Dex+4}
   (You found it on level 5 of the Dungeon)

   It affects your dexterity (+4).
   It protects you from cold.
   It insulates you from electricity.
   It prevents spellcasting.
 C - a +2 helmet
 G - the +0 hat of Luofras (worn) {+Inv rF++ rC+ Str-3}
   (You found it on level 3 of the Spider Nest)

   It affects your strength (-3).
   It greatly protects you from fire.
   It protects you from cold.
   It lets you turn invisible.
Jewellery
 b - the ring of Xaucogh (right hand) {+Fly rF+ rN+}
   (You found it on level 4 of the Shoals)

   [ring of flight]

   It protects you from fire.
   It protects you from negative energy.
   It lets you fly.
 f - an uncursed ring of protection from fire
 i - an amulet of rage (around neck)
 s - an uncursed ring of see invisible
 y - a +3 ring of slaying (left hand)
Wands
 A - a wand of acid (9)
 I - a wand of iceblast (25)
 P - a wand of paralysis (14)
Scrolls
 e - 2 scrolls of fog
 j - 9 scrolls of teleportation
 p - a scroll of holy word
 w - 10 scrolls of remove curse
 B - 3 scrolls of blinking
 E - a scroll of enchant weapon
 F - 2 scrolls of vulnerability
 H - a scroll of enchant armour
 M - 4 scrolls of magic mapping
 O - a scroll of fear
Potions
 d - 3 potions of might
 h - 2 potions of agility
 q - 5 potions of magic
 t - 5 potions of mutation {!q}
 x - 2 potions of cancellation
 z - 2 potions of haste
 D - 4 potions of ambrosia
 Q - 2 potions of curing
Books
 K - a manual of Shields
Miscellaneous
 U - a box of beasts
 V - a phantom mirror
 W - a sack of spiders
 X - a phial of floods
 Y - a lamp of fire
Comestibles
 l - 31 rations
 T - 6 chunks of flesh


   Skills:
 + Level 16.1 Fighting
 + Level 13.7 Axes
 + Level 16.0 Armour
 + Level 17.9 Shields
 + Level 13.3 Invocations
 - Level 3.0 Evocations


You had 17 spell levels left.
You didn't know any spells.
Your spell library contained the following spells:

 Spells                   Type           Power        Failure   Level  Hunger
 Cause Fear               Hex            #.........   100%        4    #####..
 Apportation              Tloc           #.....       91%         1    ##.....
 Bolt of Fire             Conj/Fire      #.........   100%        6    #######
 Lightning Bolt           Conj/Air       #.........   100%        5    ######.
 Bolt of Magma            Conj/Fire/Erth #.........   100%        5    ######.
 Confuse                  Hex            #.......     100%        3    ####...
 Venom Bolt               Conj/Pois      #.........   100%        5    ######.
 Summon Small Mammal      Summ           #...         91%         1    ##.....
 Animate Skeleton         Necr           N/A          91%         1    ##.....
 Regeneration             Chrm/Necr      #.........   100%        3    ####...
 Iron Shot                Conj/Erth      #.........   100%        6    #######
 Shock                    Conj/Air       #...         91%         1    ##.....
 Swiftness                Chrm/Air       #.......     97%         2    ###....
 Spider Form              Tmut/Pois      #.........   100%        3    ####...
 Blade Hands              Tmut           #.........   100%        5    ######.
 Ice Form                 Ice/Tmut       #.......     100%        4    #####..
 Deflect Missiles         Chrm/Air       #.........   100%        6    #######
 Airstrike                Air            #.........   100%        4    #####..
 Confusing Touch          Hex            #.....       91%         1    ##.....
 Sticks to Snakes         Tmut           #.......     97%         2    ###....
 Metabolic Englaciation   Hex/Ice        #.........   100%        5    ######.
 Silence                  Hex/Air        #.........   100%        5    ######.
 Static Discharge         Conj/Air       #.......     100%        3    ####...
 Petrify                  Tmut/Erth      #.......     100%        4    #####..
 Orb of Destruction       Conj           #.........   100%        7    #######
 Shroud of Golubria       Chrm/Tloc      #.........   97%         2    ###....
 Beastly Appendage        Tmut           #.....       91%         1    ##.....
 Iskenderun's Battlesphe  Conj/Chrm      #.......     100%        5    ######.
 Fulminant Prism          Conj/Hex       #.........   100%        4    #####..
 Dazzling Spray           Conj/Hex       #.....       100%        3    ####...
 Infusion                 Chrm           #...         91%         1    ##.....
 Song of Slaying          Chrm           #.......     97%         2    ###....
 Spectral Weapon          Hex/Chrm       #.......     100%        3    ####...
 Searing Ray              Conj           #.....       97%         2    ###....
 Discord                  Hex            #.........   100%        8    #######
 Spellforged Servitor     Conj/Summ      #.........   100%        7    #######
 Gell's Gravitas          Tloc           #.........   100%        3    ####...
 Yara's Violent Unravell  Hex/Tmut       #.........   100%        5    ######.


Dungeon Overview and Level Annotations

Branches:
Dungeon (14/15)            Temple (1/1) D:6            Lair (3/6) D:8
 Shoals (4/4) Lair:2       Spider (4/4) Lair:3          Orc (0/2) D:12
 Vaults (1/5) D:14

Altars:
Ashenzari
Cheibriados
Elyvilon
Fedhas
Gozag
Hepliaklqana
Kikubaaqudgha
Makhleb
Nemelex Xobeh
Okawaru
Ru
Sif Muna
Trog
Uskayaw
Vehumet
Wu Jian
Xom
Yredelemnul
Zin
The Shining One
Beogh

Shops:
D:5 *??*=   D:6 !   D:13 =

Portals:
Trove: D:13 (give 5 scrolls of blinking)

Annotations:
D:6 1 runed door
D:13 6 runed doors
Spider:4 exclusion: Roxanne, Roxanne
Vaults:1 Jorgrun


Innate Abilities, Weirdness & Mutations

You are resistant to torment.
Your stone body is resilient. (AC +13)
You are immune to poison.
Your large and strong wings let you fly indefinitely.
You resist negative energy. (rN+)
You are resistant to electric shocks. (rElec)
You can survive without breathing.
You are immune to petrification.
You are immune to rotting.


Message History

Unknown butt!
You open Jorgrun like a pillowcase!!!!!!
Jorgrun is severely wounded!
Jorgrun mumbles some strange words!
The dungeon rumbles around Jorgrun!!!
You shudder from the earth-shattering force!
A butt butts!!!
A door shatters!!! x3
Ka-crash!!!
You hear a shout!!! x5; You hear two shouts!!!
You hear a shout!!! x3
You slice Jorgrun like a ripe choko!!!
Jorgrun looks as sick as possible!!!
Jorgrun is almost dead!
You block Jorgrun's attack!
Unknown command!
Unknown command!
You open Jorgrun like a pillowcase!
Jorgrun is almost dead!
Jorgrun mumbles some strange words!
The dungeon rumbles around Jorgrun!!!
You shudder from the earth-butt force!
DANG rip

#...... # #......# # #....[.# #
####......# # ..#......# #
..#......# # #.#......#########
###................. ####
#####..@g...............
...#######.......................
......'..........#...............
......'..........+...............
...#######.......#...............
#### #####...+...............
#####...............
######.#######


You could see Jorgrun.

Vanquished Creatures
  Arachne (Spider:4)
  Kirke (Spider:1)
  A storm dragon (Vaults:1)
  Donald (Spider:4)
  Ilsuiw (Shoals:4)
  3 ghost moths (Spider:4)
  5 emperor scorpions (Spider:4)
  4 entropy weavers
  A spark wasp (Spider:4)
  The ghost of Gorglomux the Demolition Dwarf, a journeyman DDFi of Makhleb (D:14)
  10 merfolk impalers
  2 merfolk javelineers (Shoals:4)
  An ogre mage (D:14)
  A yaktaur captain (Vaults:1)
  4 vault guards (D:14)
  7 centaur warriors
  4 merfolk avatars
  5 two-headed ogres
  3 satyrs
  An alligator snapping turtle (Shoals:4)
  A death knight (Vaults:1)
  6 merfolk aquamancers
  A queen ant (Spider:3)
  A tengu warrior (D:13)
  A thrashing horror (Abyss:2)
  A deep elf knight (D:14)
  8 skeletal warriors
  4 unseen horrors
  11 sea snakes
  Pikel (D:7)
  5 harpies (Shoals:4)
  An orc knight (D:14)
  28 wolf spiders
  16 orb spiders
  An orc sorcerer (D:14)
  17 slime creatures
  2 deep elf magi (D:13)
  4 cyclopes
  11 manticores
  8 ugly things
  12 fauns
  2 moths of wrath
  7 merfolk sirens (Shoals:4)
  Maurice (D:8)
  3 water nymphs (Shoals:4)
  3 spiny frogs
  A vault sentinel (Vaults:1)
  4 gargoyles
  2 torpor snails
  2 komodo dragons
  An efreet (D:14)
  A tengu conjurer (D:13)
  11 demonic crawlers
  2 freezing wraiths (Vaults:1)
  26 merfolk
  4 trolls (D:13)
  A queen bee (Spider:3)
  A polar bear (Lair:3)
  3 meliai
  A merfolk (shapeshifter) (D:13)
  Prince Ribbit (D:9)
  3 hornets
  4 wind drakes
  Grinder (D:5)
  30 jumping spiders
  7 snapping turtles (Shoals:4)
  8 dream sheep
  6 hippogriffs
  68 redbacks
  14 yaks
  A shadow (D:13)
  26 tarantellas
  3 wraiths
  3 vampires (D:13)
  A basilisk (shapeshifter) (Vaults:1)
  4 basilisks
  10 hogs
  11 water elementals
  A steam dragon (D:13)
  A human (D:7)
  2 hungry ghosts (D:7)
  2 vampire mosquitoes (D:12)
  12 soldier ants
  An acid dragon (Vaults:1)
  Duvessa (D:5)
  3 water moccasins
  An ice beast (D:11)
  9 orc warriors
  6 porcupines
  2 slaves (D:7)
  4 sky beasts
  A black bear (D:8)
  11 centaurs
  4 starcursed masses (Abyss:2)
  3 phantoms
  4 ogres
  4 crocodiles
  14 bullfrogs
  Dowan (D:5)
  A wyvern skeleton (D:13)
  3 scorpions
  22 killer bees (Spider:3)
  5 wights
  5 electric eels (D:12)
  2 howler monkeys (D:5)
  A bullfrog zombie (D:8)
  A crimson imp (D:13)
  2 lava snakes (Lair:3)
  A quasit (D:7)
  3 centaur zombies
  5 hounds
  A gnoll shaman (D:5)
  9 orc priests
  4 centaur skeletons
  4 jellies
  12 orc wizards
  A bullfrog skeleton (D:12)
  5 iguanas
  24 worker ants
  2 worker ant zombies (D:11)
  11 adders
  6 gnolls
  5 shadow imps
  2 oozes
  2 adder skeletons
  A dart slug (D:2)
  A leopard gecko (D:8)
  48 orcs
  A ball python (D:2)
  2 giant cockroaches
  2 hobgoblins
  6 jackals
  4 quokkas
  A bat (D:2)
  6 frilled lizards
  3 goblins
  A kobold (D:2)
  2 quokka zombies
  4 rats
782 creatures vanquished.

Vanquished Creatures (collateral kills)
  A ghost moth (Spider:4)
  2 emperor scorpions (Spider:4)
  A merfolk javelineer (Shoals:4)
  A merfolk impaler (Shoals:4)
  A sea snake (Shoals:4)
  An orb spider (Spider:4)
  A manticore (Shoals:4)
  A torpor snail (Spider:4)
  A freezing wraith (Vaults:1)
  A jumping spider (Spider:4)
  A merfolk (Shoals:4)
  A snapping turtle (Shoals:4)
  2 redbacks (Spider:4)
15 creatures vanquished.

Vanquished Creatures (others)
  Nikola (Vaults:1)
  A ghost moth (Spider:2)
  A merfolk aquamancer (Shoals:4)
  A vault sentinel (Vaults:1)
  A scorpion (D:9)
  An orc (D:12)
  45 fungi (D:8)
  27 plants
78 creatures vanquished.

Grand Total: 875 creatures vanquished

Notes
Turn   | Place    | Note
-------+----------+-------------------------------------------
     0 | D:1      | Gorglomux the Gargoyle Fighter began the quest for the Orb.
     0 | D:1      | Reached XP level 1. HP: 14/14 MP: 1/1
    98 | D:2      | Reached XP level 2. HP: 13/19 MP: 2/2
   155 | D:2      | Reached XP level 3. HP: 18/23 MP: 3/3
   604 | D:3      | Reached XP level 4. HP: 23/29 MP: 4/4
   711 | D:4      | Reached skill level 4 in Shields
   860 | D:4      | Reached XP level 5. HP: 27/33 MP: 5/5
  1178 | D:4      | Noticed an ogre
  1194 | D:4      | Killed an ogre
  1194 | D:4      | Reached skill level 3 in Axes
  1194 | D:4      | Reached XP level 6. HP: 7/39 MP: 6/6
  2131 | D:4      | Reached skill level 5 in Shields
  2266 | D:5      | Entered Level 5 of the Dungeon
  2266 | D:5      | Found Teraor's Magic Scroll Emporium.
  2271 | D:5      | Found Ronaecakh's General Store.
  2272 | D:5      | Bought a scroll of identify for 22 gold pieces
  2272 | D:5      | Bought a scroll of teleportation for 33 gold pieces
  2289 | D:5      | Found Ratogup's Jewellery Shop.
  2310 | D:5      | Reached XP level 7. HP: 37/44 MP: 7/7
  2568 | D:5      | Found Ceiv's Magic Scroll Emporium.
  2680 | D:5      | Noticed Grinder
  2710 | D:5      | Killed Grinder
  2710 | D:5      | Reached XP level 8. HP: 15/51 MP: 8/8
  2966 | D:5      | Reached skill level 6 in Shields
  2986 | D:5      | Got a faintly humming chain mail
  2998 | D:5      | Reached skill level 6 in Fighting
  3004 | D:5      | Reached skill level 6 in Armour
  3015 | D:5      | Identified the +6 chain mail of the Ward {-Cast rElec rC+ Dex+4} (You found it on level 5 of the Dungeon)
  3319 | D:5      | Found Unow's Assorted Antiques.
  3454 | D:5      | Noticed Dowan
  3455 | D:5      | Noticed Duvessa
  3471 | D:5      | Killed Duvessa
  3474 | D:5      | Killed Dowan
  3807 | D:6      | Found a runed door.
  3854 | D:6      | Found a staircase to the Ecumenical Temple.
  3899 | Temple   | Entered the Ecumenical Temple
  4010 | D:6      | Found Febur's Distillery.
  4038 | D:6      | Bought a potion of magic for 96 gold pieces
  4112 | D:6      | Found a white marble altar of Elyvilon.
  4112 | D:6      | Found a sparkling altar of Nemelex Xobeh.
  4117 | D:6      | Found a snail-covered altar of Cheibriados.
  4119 | D:6      | Found a glowing silver altar of Zin.
  4120 | D:6      | Found an iron altar of Okawaru.
  4500 | D:7      | Noticed Pikel
  4540 | D:7      | Killed Pikel
  4540 | D:7      | Reached skill level 7 in Shields
  4540 | D:7      | Reached XP level 9. HP: 47/57 MP: 9/9
  4757 | D:7      | Paralysed by fainting for 6 turns
  4820 | D:7      | Found a burning altar of Makhleb.
  4837 | D:7      | Became a worshipper of Makhleb the Destroyer
  4862 | D:7      | Reached skill level 6 in Axes
  5094 | D:7      | Reached skill level 8 in Shields
  5235 | D:8      | Reached XP level 10. HP: 64/64 MP: 10/10
  5460 | D:8      | Found an ornate altar of the Wu Jian Council.
  5472 | D:8      | Noticed a two-headed ogre
  5490 | D:8      | Killed a two-headed ogre
  5513 | D:8      | Reached * piety under Makhleb
  5783 | D:8      | Noticed Maurice
  5790 | D:8      | Killed Maurice
  5790 | D:8      | Reached skill level 9 in Fighting
  5790 | D:8      | Reached skill level 9 in Armour
  5790 | D:8      | Reached skill level 9 in Shields
  6017 | D:8      | Found a staircase to the Lair.
  7080 | D:9      | Noticed Prince Ribbit
  7091 | D:9      | Killed Prince Ribbit
  7139 | D:10     | Entered Level 10 of the Dungeon
  7350 | D:10     | Noticed a two-headed ogre
  7367 | D:10     | Killed a two-headed ogre
  7367 | D:10     | Reached XP level 11. HP: 55/72 MP: 11/11
  7780 | D:10     | Noticed a seven-headed hydra
  8544 | D:11     | Noticed a manticore
  8557 | D:11     | Reached ** piety under Makhleb
  8567 | D:11     | Killed a manticore
  8926 | D:11     | Reached skill level 10 in Shields
  8967 | D:11     | Noticed a cyan ugly thing
  8969 | D:11     | Noticed a manticore
  8985 | D:11     | Killed a manticore
  8988 | D:11     | Killed a cyan ugly thing
  9118 | D:11     | Noticed a skeletal warrior
  9137 | D:11     | Killed a skeletal warrior
  9514 | D:11     | Reached skill level 1 in Invocations
  9661 | D:11     | Noticed a skeletal warrior
  9686 | D:11     | Reached skill level 1 in Evocations
  9687 | D:11     | Killed a skeletal warrior
  9877 | D:12     | Noticed a cyclops
  9901 | D:12     | Killed a cyclops
 10402 | D:12     | Reached skill level 3 in Invocations
 10402 | D:12     | Reached XP level 12. HP: 34/79 MP: 14/14
 10807 | D:12     | Reached *** piety under Makhleb
 11183 | D:12     | Reached skill level 9 in Axes
 11234 | D:12     | Reached skill level 3 in Evocations
 11435 | D:12     | Found a roughly hewn altar of Beogh.
 11435 | D:12     | Found a staircase to the Orcish Mines.
 11469 | D:12     | Noticed a two-headed ogre
 11476 | D:12     | Killed a two-headed ogre
 11498 | D:12     | Reached skill level 11 in Shields
 11594 | D:12     | Noticed a two-headed ogre
 11606 | D:12     | Killed a two-headed ogre
 11897 | D:13     | Found Bequyn's Jewellery Shoppe.
 11968 | D:13     | Noticed a centaur warrior
 11985 | D:13     | Killed a centaur warrior
 12356 | D:13     | Reached **** piety under Makhleb
 12445 | D:13     | Found a portal to a secret trove of treasure.
 12543 | D:13     | Noticed a centaur warrior
 12545 | D:13     | Noticed a centaur warrior
 12558 | D:13     | Killed a centaur warrior
 12562 | D:13     | Killed a centaur warrior
 12562 | D:13     | Reached XP level 13. HP: 83/84 MP: 17/17
 12610 | D:13     | Found a large runed door.
 12614 | D:13     | Found a large runed door.
 12673 | D:13     | Reached skill level 6 in Invocations
 12900 | D:13     | Found a large runed door.
 12925 | D:13     | Found a large runed door.
 12926 | D:13     | Noticed an ice dragon
 12930 | D:13     | Found a large runed door.
 12930 | D:13     | Found a large runed door.
 13766 | D:14     | Reached skill level 12 in Armour
 13766 | D:14     | Reached skill level 12 in Shields
 13830 | D:14     | Reached skill level 12 in Fighting
 13993 | D:14     | Noticed Gorglomux's ghost (journeyman DDFi)
 14011 | D:14     | Killed Gorglomux's ghost
 14054 | D:14     | Noticed a vault guard
 14154 | D:14     | Noticed a vault guard
 14156 | D:14     | Noticed an ogre mage
 14172 | D:14     | Killed a vault guard
 14173 | D:14     | Killed an ogre mage
 14332 | D:14     | Killed a vault guard
 14341 | D:14     | Found a gate to the Vaults.
 14341 | D:14     | Noticed a vault guard
 14342 | D:14     | Noticed a vault guard
 14353 | D:14     | Cast into level 2 of the Abyss (vault guard)
 14384 | Abyss:2  | Found a corrupted altar of Lugonu.
 14419 | Abyss:2  | Noticed a starcursed mass
 14439 | Abyss:2  | Reached ***** piety under Makhleb
 14442 | Abyss:2  | Killed a starcursed mass
 14452 | Abyss:2  | Noticed a rakshasa
 14452 | Abyss:2  | Noticed a crystal guardian
 14496 | Abyss:3  | Found a corrupted altar of Lugonu.
 14514 | D:14     | Escaped the Abyss
 14657 | D:10     | Identified a scroll of acquirement
 14658 | D:10     | Got a faintly glowing war axe
 14659 | D:10     | Identified the +5 war axe of Cheese {venom, +Fly Int+5} (You acquired it on level 10 of the Dungeon)
 14705 | Lair:1   | Entered Level 1 of the Lair of Beasts
 14900 | Lair:1   | Gained mutation: Your large and strong wings let you fly indefinitely. [Gargoyle growth]
 14900 | Lair:1   | Reached XP level 14. HP: 90/92 MP: 19/19
 15004 | Lair:2   | Found a staircase to the Shoals.
 15094 | Lair:2   | Found a frozen archway.
 15787 | Lair:3   | Found a hole to the Spider Nest.
 15805 | Spider:1 | Entered Level 1 of the Spider Nest
 15805 | Spider:1 | Noticed Kirke
 16072 | Spider:1 | Killed Kirke
 16099 | Spider:1 | Reached skill level 13 in Shields
 16248 | Spider:1 | Reached skill level 9 in Invocations
 16255 | Spider:1 | Got a shimmering large shield
 16266 | Spider:1 | Identified the +8 large shield "Leketh" {-Tele rN+++ Str+5 Stlth-} (You found it on level 1 of the Spider Nest)
 16590 | Spider:2 | Noticed a ghost moth
 16596 | Spider:2 | Killed a ghost moth
 16723 | Spider:1 | Reached ****** piety under Makhleb
 16751 | Spider:2 | Reached XP level 15. HP: 99/99 MP: 22/22
 17142 | Spider:3 | Reached skill level 14 in Shields
 17150 | Spider:3 | HP: 3/100 [wolf spider (3)]
 17162 | Spider:3 | Got a crude hat
 17221 | Spider:3 | Identified the +0 hat of Luofras {+Inv rF++ rC+ Str-3} (You found it on level 3 of the Spider Nest)
 17222 | Spider:4 | Entered Level 4 of the Spider Nest
 17280 | Spider:4 | Reached skill level 12 in Axes
 17361 | Spider:4 | Noticed Arachne
 17363 | Spider:4 | Noticed an emperor scorpion
 17395 | Spider:4 | Killed Arachne
 17400 | Spider:4 | Killed an emperor scorpion
 17400 | Spider:4 | Reached XP level 16. HP: 94/107 MP: 24/24
 17422 | Spider:4 | Noticed Donald
 17440 | Spider:4 | Killed Donald
 17513 | Spider:4 | Noticed Roxanne
 17565 | Spider:4 | Reached skill level 15 in Shields
 17754 | Spider:4 | Got a gossamer rune of Zot
 18216 | Shoals:1 | Entered Level 1 of the Shoals
 18336 | Shoals:2 | Reached skill level 15 in Fighting
 18337 | Shoals:2 | Reached skill level 16 in Shields
 18345 | Shoals:2 | Reached skill level 15 in Armour
 18466 | Shoals:3 | Reached skill level 12 in Invocations
 18546 | Shoals:3 | Reached XP level 17. HP: 72/113 MP: 26/26
 18841 | Shoals:4 | Entered Level 4 of the Shoals
 18967 | Shoals:4 | Noticed Ilsuiw
 18989 | Shoals:4 | Killed Ilsuiw
 19013 | Shoals:4 | Got a twitching tin ring
 19014 | Shoals:4 | Identified the ring "Liepedd" {rElec rPois Str+3 Int+4} (You found it on level 4 of the Shoals)
 19194 | Shoals:4 | Identified the +0 helmet of Zuaz {*Drain +Fly rPois} (You found it on level 4 of the Shoals)
 19535 | Shoals:4 | Reached skill level 17 in Shields
 19556 | Shoals:4 | Got a brightly glowing platinum ring
 19559 | Shoals:4 | Identified the ring of Xaucogh {+Fly rF+ rN+} (You found it on level 4 of the Shoals)
 19920 | Shoals:4 | Identified the Handbook of the Birds and Damage Dealing
 20056 | Shoals:4 | Got a barnacled rune of Zot
 20509 | Vaults:1 | Entered Level 1 of the Vaults
 20601 | Vaults:1 | Noticed Nikola
 20623 | Vaults:1 | Killed Nikola
 20623 | Vaults:1 | Reached XP level 18. HP: 77/120 MP: 27/27
 21055 | Vaults:1 | Noticed Jorgrun
 21066 | Vaults:1 | Killed from afar by Jorgrun

Vault maps used:
D:1:      kennysheep_arrival_seaside, supply_closet_lemuel,
          evilmike_ruin_ashenzari
D:2:      minitemple, first_ration
D:3:      hangedman_decor_peaks_small
D:5:      serial_shops, nicolae_shop_trees,
          nicolae_shop_competitors_out_of_business, shop, shop, shop,
          uniq_duvessa, uniq_grinder
D:6:      chequers_temple_overflow_minitemple, minmay_temple_entry_large_hall,
          serial_shops, shop_fountains, uniq_crazy_yiuf_cottage
D:7:      makhleb_heckhound_becter, grunt_livestock, uniq_pikel
D:8:      old_standard_altar, due_lair_maze_entry_diamond, uniq_maurice
D:9:      minivault_24, uniq_prince_ribbit1
D:12:     david_orc_5
D:13:     minmay_five_octagons, serial_shops, nicolae_shop_window_shopping,
          enter_trove_2, billiards_dpeg
D:14:     grunt_vaults_entry_fortified, nicolae_dithmenos_shadow_blocks
Temple:   dshaligram_water_room_temple
Lair:2:   shoals_dummy_entry, portal_ice_cave_entry_pillars_1,
          lemuel_old_faithful
Lair:3:   nicolae_spider_entry_orb_guardian, st_stairs_13, guppyfry_lair_drakes
Shoals:4: shoals_end_simple, shoals_ilsuiw_alternative
Spider:1: uniq_kirke
Spider:3: nicolae_spider_mines_2, special_room, minmay_another_anthill
Spider:4: grunt_spider_rune_circles, uniq_arachne, uniq_donald, uniq_roxanne
Vaults:1: vaults_dpeg_doors, hangedman_vaults_cutoff,
          ontoclasm_vaults_decontamination, hangedman_vaults_restitches,
          vaults_room_pool, nicolae_vaults_ring_of_whatevers,
          ontoclasm_vaults_fault, v_alt_pattern_6, ontoclasm_vaults_shout,
          ontoclasm_vaults_spin, v_misc_4, uniq_nikola, uniq_jorgrun, uniq_aizul
Abyss:2:  due_exit_kobolds, evilmike_abyss_exit_16

Skill      XL: |  1  2  3  4  5  6  7  8  9 10 11 12 13 14 15 16 17 18 |
---------------+-------------------------------------------------------+-----
Axes           | 2 3 4 5 6 7 8 9 10 11 12 13 | 13.7
Armour         | 4 5 7 8 9 10 11 12 13 14 15 16 | 16.0
Shields        | 4 5 7 8 9 10 11 12 13 14 16 17 | 17.9
Fighting       | 4 5 7 8 9 10 11 12 13 14 15 16 | 16.1
Invocations    | 3 5 7 9 10 12 13 | 13.3
Evocations     | 2 3 |  3.0

Action                   |  1- 3 |  4- 6 |  7- 9 | 10-12 | 13-15 | 16-18 || total
-------------------------+-------+-------+-------+-------+-------+-------++-------
Melee: War axe           |    76 |    93 |   357 |   786 |   714 |   883 ||  2909
       Broad axe         |       |       |       |       |   194 |       ||   194
       Unarmed           |       |       |       |       |     4 |       ||     4
Invok: Minor Destruction |       |       |       |    21 |     1 |     1 ||    23
       Lesser Servant of |       |       |       |       |     2 |     8 ||    10
       Greater Servant o |       |       |       |       |       |     1 ||     1
 Abil: Evoke Berserk Rag |       |     1 |       |     7 |     9 |     3 ||    20
Evoke: Wand              |       |       |       |     5 |       |       ||     5
  Use: Scroll            |       |       |     5 |    11 |    15 |     4 ||    35
       Potion            |       |       |       |     3 |     4 |     1 ||     8
 Stab: Distracted        |       |       |       |       |       |     4 ||     4
  Eat: Chunk             |       |     6 |     4 |    24 |    10 |    13 ||    57
       Ration            |       |       |     5 |     2 |     5 |     1 ||    13
Armor: Scale mail        |    46 |    38 |    43 |       |       |       ||   127
       Chain mail        |       |       |   182 |   640 |   860 |   568 ||  2250
       Skin              |       |       |       |    42 |       |       ||    42
Dodge: Dodged            |    23 |    21 |    95 |   259 |   367 |   189 ||   954
Block: Shield            |    47 |    49 |   235 |   684 |   481 |       ||  1496
       Large shield      |       |       |       |       |   852 |  1562 ||  2414

Table legend:
 A = Spawn XP
 B = Non-spawn XP
 C = Spawn XP percentage of total XP
 D = Spawn monster count
 E = Non-spawn monster count
 F = Spawn count percentage of total count
 G = Total turns spent on level
                    A         B        C        D         E        F      G
               +---------+---------+-------+---------+---------+-------+---------
         Total |     842 |  254831 |   0.3 |       1 |     798 |   0.1 | 21066
               +---------+---------+-------+---------+---------+-------+---------
           D:1 |       0 |       3 |   0.0 |       0 |       3 |   0.0 |    88
           D:2 |       0 |      67 |   0.0 |       0 |      16 |   0.0 |   462
           D:3 |       0 |      31 |   0.0 |       0 |       5 |   0.0 |   443
           D:4 |       0 |     474 |   0.0 |       0 |      16 |   0.0 |  1273
           D:5 |       0 |    1094 |   0.0 |       0 |      30 |   0.0 |  1242
           D:6 |       0 |     380 |   0.0 |       0 |      15 |   0.0 |   788
           D:7 |       0 |    2506 |   0.0 |       0 |      17 |   0.0 |   819
           D:8 |       0 |    3672 |   0.0 |       0 |      39 |   0.0 |  1179
           D:9 |       0 |     411 |   0.0 |       0 |       5 |   0.0 |   858
          D:10 |       0 |    1384 |   0.0 |       0 |      15 |   0.0 |  1314
          D:11 |       0 |    5438 |   0.0 |       0 |      21 |   0.0 |  1462
          D:12 |       0 |    8731 |   0.0 |       0 |      60 |   0.0 |  2138
          D:13 |       0 |   12966 |   0.0 |       0 |      44 |   0.0 |  1747
          D:14 |       0 |   15662 |   0.0 |       0 |      29 |   0.0 |   886
        Lair:1 |       0 |    1967 |   0.0 |       0 |       8 |   0.0 |   292
        Lair:2 |       0 |    2487 |   0.0 |       0 |      13 |   0.0 |   688
        Lair:3 |       0 |    2333 |   0.0 |       0 |      11 |   0.0 |   392
      Shoals:1 |       0 |    7749 |   0.0 |       0 |      14 |   0.0 |    98
      Shoals:2 |       0 |    7431 |   0.0 |       0 |      17 |   0.0 |   125
      Shoals:3 |       0 |   13405 |   0.0 |       0 |      30 |   0.0 |   499
      Shoals:4 |       0 |   45033 |   0.0 |       0 |      79 |   0.0 |  1261
      Spider:1 |       0 |   23509 |   0.0 |       0 |      69 |   0.0 |   756
      Spider:2 |       0 |    4784 |   0.0 |       0 |      12 |   0.0 |    90
      Spider:3 |       0 |   24639 |   0.0 |       0 |     101 |   0.0 |   463
      Spider:4 |       0 |   46226 |   0.0 |       0 |      87 |   0.0 |   875
      Vaults:1 |       0 |   21466 |   0.0 |       0 |      38 |   0.0 |   557
       Abyss:2 |     842 |     983 |  46.1 |       1 |       4 |  20.0 |   104
               +---------+---------+-------+---------+---------+-------+---------
